[Event "Titled Tuesday Blitz April 18 Early 2023"]
[White "Makhmudov, Shukhrat"]
[Black "Principe, Alexander"]
[WhiteFideId "14200775"]
[BlackFideId "3804542"]
[WhiteElo "2135"]
[BlackElo "2203"]
[Result "0-1"]
[Round "05"]
[TimeControl "180+2"]
[Date "2023.04.18"]
[WhiteClock "0:00:07"]
[BlackClock "0:00:22"]

1. e4 e6 2. Nf3 d5 3. e5 c5 4. b4 d4 5. bxc5 Bxc5 6. Bb5+ Bd7 7. Bxd7+ Qxd7 8. O-O Ne7 9. d3 Nbc6 10. Nbd2 O-O 11. Ne4 b6 12. Nxc5 bxc5 13. Ba3 Qd5 14. Re1 Ng6 15. Qe2 Rab8 16. Qe4 Nb4 17. Bxb4 Rxb4 18. Qxd5 exd5 19. e6 fxe6 20. Rxe6 Rb2 21. Ne1 c4 22. g3 cxd3 23. Nxd3 Rxc2 24. f4 Rd2 25. Nb4 Rb8 26. Nxd5 Rbb2 27. f5 Rg2+ 28. Kh1 Rxh2+ 29. Kg1 Nf8 30. Re7 Rbg2+ 31. Kf1 Rxg3 32. Rae1 Rh1+ 33. Kf2 Rxe1 34. Kxe1 Rf3 35. Rxa7 h5 36. Ke2 Rg3 37. f6 gxf6 38. Nxf6+ Kh8 39. Nxh5 Re3+ 40. Kd2 Ng6 41. Nf6 Ne7 42. Ng4 Re6 43. Kd3 Kg7 44. Rc7 Kg6 45. Kxd4 Nf5+ 46. Kd5 Rd6+ 47. Ke5 Ra6 48. Rc2 Ra5+ 49. Kf4 Ra4+ 50. Ke5 Rxg4 51. Rc6+ Kg5 52. Rf6 Rf4 53. Rf8 Rf1 54. Rg8+ Kh6 55. Rf8 Kg6 56. Rg8+ Kf7 57. Rg5 Ne7 58. Ke4 Ra1 59. Rg2 Ke6 60. Kd4 Nf5+ 61. Kc4 Ne3+ 62. Kb3 Nxg2 0-1


[Site "https://www.chess.com"]

[Event "Titled Tuesday Blitz April 18 Early 2023"]
[White "Bagrationi, Alexander"]
[Black "Prudnykova, Olga"]
[WhiteFideId "14104954"]
[BlackFideId "14121093"]
[WhiteElo "2398"]
[BlackElo "2113"]
[Result "1-0"]
[Round "05"]
[TimeControl "180+2"]
[Date "2023.04.18"]
[WhiteClock "0:00:09"]
[BlackClock "0:00:06"]

1. d4 Nf6 2. c4 g6 3. Nc3 d5 4. cxd5 Nxd5 5. Bd2 Nb6 6. Nf3 Bg7 7. Qc2 O-O 8. e4 Nc6 9. d5 Nb4 10. Qb3 a5 11. a3 Na6 12. Bxa6 Rxa6 13. O-O e6 14. Bg5 Qd6 15. Nb5 a4 16. Qc2 Qd7 17. Nxc7 Ra5 18. dxe6 fxe6 19. Rac1 Qf7 20. Be3 Nd7 21. Ng5 Qf6 22. Ngxe6 Qxb2 23. Nxf8 Qxc2 24. Rxc2 Nxf8 25. Bb6 Re5 26. f3 Bd7 27. Bd4 Re7 28. Bxg7 Kxg7 29. Nd5 Re6 30. Rc7 b5 31. Rb1 Kh6 32. Kf2 Rd6 33. Ke3 Ne6 34. Ra7 Nc5 35. Rd1 Nb3 36. Rd3 Bc6 37. Nf4 Rf6 38. Rd8 Nc5 39. g4 g5 40. Ng2 Ne6 41. Rh8 Ng7 42. h4 gxh4 43. g5+ Kxg5 44. Rxg7+ Kh6 45. Rg4 Rg6 46. Rxh4+ Kg7 47. R8xh7+ Kf6 48. Nf4 Rg1 49. R4h6+ Kg5 50. Rg6# 1-0


[Site "https://www.chess.com"]

[Event "Titled Tuesday Blitz April 18 Early 2023"]
[White "Nugumanov, Bakhtiyar"]
[Black "Ljukin, Sergei"]
[WhiteFideId "13701797"]
[BlackFideId "14102200"]
[WhiteElo "2209"]
[BlackElo "2312"]
[Result "0-1"]
[Round "05"]
[TimeControl "180+2"]
[Date "2023.04.18"]
[WhiteClock "0:00:50"]
[BlackClock "0:00:39"]

1. Nf3 d5 2. g3 Nc6 3. d4 Bg4 4. Bg2 Qd7 5. O-O Bh3 6. c4 Bxg2 7. Kxg2 O-O-O 8. cxd5 Qxd5 9. Nc3 Qh5 10. a3 Nf6 11. b4 e5 12. d5 Nd4 13. Nxd4 exd4 14. Qxd4 Nxd5 15. Rd1 c6 16. b5 Bc5 17. Qc4 Nxc3 18. Rxd8+ Rxd8 19. Qxc3 Bd4 20. Qa5 Bxa1 21. Bf4 Qd5+ 22. f3 Be5 23. Qxa7 Bxf4 24. Qa8+ Bb8 0-1


[Site "https://www.chess.com"]

[Event "Titled Tuesday Blitz April 18 Early 2023"]
[White "Kalajzic, Ivan"]
[Black "Fiedorek, Michal"]
[WhiteFideId "14506378"]
[BlackFideId "1199528"]
[WhiteElo "2203"]
[BlackElo "2135"]
[Result "0-1"]
[Round "05"]
[TimeControl "180+2"]
[Date "2023.04.18"]
[WhiteClock "0:00:30"]
[BlackClock "0:00:38"]

1. b3 e5 2. Bb2 d6 3. e3 Nf6 4. d4 e4 5. c4 g6 6. Nc3 Bg7 7. g3 O-O 8. Bg2 Qe7 9. Nge2 Re8 10. Qc2 h5 11. h3 Bf5 12. O-O-O a5 13. a4 Na6 14. Nf4 Nb4 15. Ncd5 Nfxd5 16. Nxd5 Nxd5 17. cxd5 c6 18. Ba3 cxd5 19. Kb1 Rec8 20. Qd2 b5 21. axb5 Qb7 22. Bf1 Bd7 23. Bxd6 Bxb5 24. Bxb5 Qxb5 25. Qb2 a4 26. b4 a3 27. Qa2 Rc6 28. Bc5 Rxc5 29. dxc5 Qxb4+ 30. Kc2 Qc3+ 31. Kb1 Rb8+ 0-1


[Site "https://www.chess.com"]

[Event "Titled Tuesday Blitz April 18 Early 2023"]
[White "Novikov, Evgenij"]
[Black "Torres Hernandez, Leslie Carolin"]
[WhiteFideId "4125380"]
[BlackFideId "8400504"]
[WhiteElo "2242"]
[BlackElo "1920"]
[Result "0-1"]
[Round "05"]
[TimeControl "180+2"]
[Date "2023.04.18"]
[WhiteClock "0:00:02"]
[BlackClock "0:01:14"]

1. d4 Nf6 2. Nf3 g6 3. c4 Bg7 4. Nc3 d5 5. cxd5 Nxd5 6. e4 Nxc3 7. bxc3 c5 8. Bb5+ Bd7 9. Bxd7+ Nxd7 10. O-O O-O 11. Rb1 b6 12. Bb2 Qc7 13. Qe2 Rfd8 14. h4 Rac8 15. Rfd1 cxd4 16. cxd4 Qc2 17. Qe3 Nf6 18. e5 Nd5 19. Qg5 h6 20. Qg4 e6 21. h5 g5 22. Ba3 Nc3 23. Rdc1 Ne2+ 24. Kh2 Nxc1 25. Rxc1 Qf5 26. Rxc8 Rxc8 27. Qxf5 exf5 28. Bd6 Rd8 29. Kg3 Bf8 30. Bc7 Rd7 31. Bb8 Kg7 32. Kh2 Bb4 33. Kg1 Bc3 34. Kf1 Bxd4 35. Nxd4 Rxd4 36. e6 Re4 37. exf7 Kxf7 38. Bxa7 b5 39. Bc5 Ra4 40. a3 Rh4 41. Ke2 Rxh5 42. g3 Rh2 43. Kd3 Ke6 44. Kc3 h5 45. Kb4 h4 46. gxh4 gxh4 47. Kxb5 Rh1 48. Ba7 h3 49. Ka6 h2 50. Bb8 Kd5 51. a4 Kc6 52. a5 Kd5 53. Bg3 Ke4 54. Ka7 f4 55. Bxh2 Rxh2 56. a6 Rh6 0-1


[Site "https://www.chess.com"]

[Event "Titled Tuesday Blitz April 18 Early 2023"]
[White "Lehtosaari, Mauri"]
[Black "Antonova, Nadezhda"]
[WhiteFideId "501999"]
[BlackFideId "14700182"]
[WhiteElo "2509"]
[BlackElo "1765"]
[Result "1-0"]
[Round "05"]
[TimeControl "180+2"]
[Date "2023.04.18"]
[WhiteClock "0:00:12"]
[BlackClock "0:00:02"]

1. d4 Nf6 2. Nf3 g6 3. Bg5 Bg7 4. Nbd2 c5 5. e3 O-O 6. Bd3 cxd4 7. exd4 d6 8. O-O Nc6 9. c3 b6 10. Re1 Bb7 11. a4 a6 12. Qb3 h6 13. Bxf6 Bxf6 14. Bxg6 Na5 15. Qa2 e6 16. Be4 d5 17. Bd3 Kh8 18. Qb1 Rg8 19. Qd1 Qd6 20. Qe2 Qf4 21. Nf1 Rg7 22. Ng3 Rag8 23. Ne5 Qg5 24. f4 Qxf4 25. Rf1 Qg5 26. Rxf6 Qxf6 27. Rf1 Qe7 28. Qh5 f5 29. Qxh6+ Rh7 30. Ng6+ Rxg6 31. Qxg6 Nc4 32. Re1 Bc8 33. Nxf5 Qf7 34. Qxf7 Rxf7 35. Bxc4 Rxf5 36. Bd3 Rf6 37. Re5 Kg7 38. g4 Kf7 39. h3 Bd7 40. Bc2 a5 41. Kg2 Ke7 42. g5 Rf8 43. h4 Rh8 44. Kg3 Be8 45. Bf5 Bd7 46. Bg4 Kd6 47. h5 1-0


[Site "https://www.chess.com"]

[Event "Titled Tuesday Blitz April 18 Early 2023"]
[White "Andreev, Konstantin"]
[Black "Molina, Roberto Junio Brito"]
[WhiteFideId "24239305"]
[BlackFideId "2109450"]
[WhiteElo "2106"]
[BlackElo "2376"]
[Result "0-1"]
[Round "05"]
[TimeControl "180+2"]
[Date "2023.04.18"]
[WhiteClock "0:00:03"]
[BlackClock "0:00:10"]

1. e4 c6 2. d4 d5 3. e5 Bf5 4. Nf3 e6 5. Be2 Nd7 6. O-O Bg6 7. a4 a6 8. a5 Rc8 9. Nbd2 Nh6 10. Nb3 Nf5 11. Bd2 Be7 12. Kh1 O-O 13. Bd3 c5 14. dxc5 Nxc5 15. Nxc5 Bxc5 16. Qe2 Qc7 17. h3 Nd4 18. Nxd4 Bxd4 19. Bb4 Bc5 20. Bxc5 Qxc5 21. Bxg6 fxg6 22. c3 Qc4 23. Qe3 Qc5 24. Qe2 Rf4 25. Qd2 Rcf8 26. Kg1 Re4 27. Rae1 Rxe1 28. Rxe1 Qxa5 29. Qd4 Qb5 30. b4 Rc8 31. Re3 Qc4 32. Qd2 Qf4 33. g3 Qf5 34. Kg2 Rc4 35. Qe2 g5 36. Rf3 Qe4 37. Qd2 Qxe5 38. Re3 Re4 39. Rf3 h5 40. Kh2 h4 41. Qd3 hxg3+ 42. Rxg3 Rf4 43. Kg2 Kf7 44. Qd1 Qe4+ 45. Kg1 Kf6 46. Qd2 g4 47. h4 Qf5 48. Qe3 Rf3 49. Qd4+ Qe5 50. Qxg4 Qe1+ 51. Kg2 Rxf2+ 0-1


[Site "https://www.chess.com"]

[Event "Titled Tuesday Blitz April 18 Early 2023"]
[White "Valle Maytin, Luis Enrique"]
[Black "Yelisieiev, Yevhenii"]
[WhiteFideId "3503666"]
[BlackFideId "14139642"]
[WhiteElo "2225"]
[BlackElo "2425"]
[Result "0-1"]
[Round "05"]
[TimeControl "180+2"]
[Date "2023.04.18"]
[WhiteClock "0:00:12"]
[BlackClock "0:00:09"]

1. d4 d6 2. Nf3 Nf6 3. e3 Nbd7 4. Be2 e5 5. O-O Be7 6. b3 O-O 7. Bb2 e4 8. Nfd2 d5 9. c4 c6 10. Nc3 Bd6 11. f4 exf3 12. Bxf3 dxc4 13. bxc4 Re8 14. e4 Bf4 15. e5 Nxe5 16. dxe5 Qb6+ 17. Kh1 Qxb2 18. exf6 Qxd2 19. Ne4 Qxd1 20. Raxd1 Be6 21. fxg7 Kxg7 22. Bh5 Be5 23. Nd6 Red8 24. c5 f6 25. Nxb7 Rxd1 26. Rxd1 Rb8 27. Na5 Bd5 28. Nb3 Bxb3 29. axb3 Rxb3 30. Bf3 a5 31. Bxc6 Rc3 32. g3 Rxc5 33. Be8 Rc4 34. Rd7+ Kh6 35. Ra7 Bd4 36. Ra6 Rc1+ 37. Kg2 Rc2+ 38. Kf3 Bc3 39. h4 Kg7 40. g4 Bb4 41. Ra7+ Kf8 42. Ba4 Rc3+ 43. Ke4 Rc5 44. Rxh7 Re5+ 45. Kf3 Bd2 46. Ra7 Re3+ 47. Kg2 Re4 48. Bd7 Rd4 49. Bf5 a4 50. Bd7 Bc1 51. Bxa4 Rxg4+ 52. Kh3 Rd4 53. h5 Bg5 54. Ra8+ Ke7 55. Be8 Rh4+ 56. Kg3 Kd6 57. Bg6 Rb4 58. Ra5 Ke7 59. Kf3 Rb3+ 60. Kg4 Rb4+ 61. Kf3 Rf4+ 62. Kg3 Rb4 63. Ra6 Bh4+ 64. Kh3 Bg5 65. Ra7+ Kd6 66. Ra5 Rd4 67. h6 Bxh6 68. Kg3 Bf4+ 69. Kf3 Bg5 70. Bf5 Rf4+ 71. Kg3 Rb4 72. Bg4 Ke7 73. Bf5 Kd6 74. Ra6+ Ke5 75. Ra5+ Kd4 76. Kg4 Rb2 77. Kh5 Rh2+ 78. Kg6 Ke3 79. Kf7 Rb2 80. Kg6 Kf4 81. Ra4+ Kg3 82. Ra3+ Kf2 83. Ra4 Rb5 84. Rg4 Rc5 85. Re4 Ra5 86. Rg4 Kf3 87. Rb4 Ra8 88. Rb3+ Kf4 89. Rb4+ Ke5 90. Rb5+ Kd4 91. Rb4+ Kc3 92. Rg4 Rg8+ 93. Kf7 Rb8 94. Kg6 Rb7 95. Re4 Kd2 96. Rc4 Ke3 97. Rc3+ Kd4 98. Rd3+ Ke5 99. Re3+ Bxe3 100. Kh5 Rg7 101. Bg6 Rxg6 102. Kxg6 f5 103. Kh5 f4 104. Kg4 Ke4 105. Kh3 f3 106. Kg3 Bd4 107. Kh2 Ke3 108. Kg1 Ke2+ 109. Kh2 f2 110. Kg3 f1=Q 111. Kg4 Qf6 112. Kg3 Qf5 113. Kg2 Qf4 114. Kh3 Qg5 115. Kh2 Kf2 116. Kh1 Qg2# 0-1


[Site "https://www.chess.com"]

[Event "Titled Tuesday Blitz April 18 Early 2023"]
[White "Shapiro, Viktor"]
[Black "Smiechu"]
[WhiteFideId "4175700"]
[WhiteElo "2152"]
[BlackElo "2353"]
[Result "0-1"]
[Round "05"]
[TimeControl "180+2"]
[Date "2023.04.18"]
[WhiteClock "0:00:09"]
[BlackClock "0:00:23"]

1. c4 Nf6 2. Nc3 c5 3. Nf3 Nc6 4. g3 g6 5. Bg2 Bg7 6. O-O O-O 7. d3 d5 8. cxd5 Nxd5 9. Bd2 Nc7 10. Rc1 b6 11. a3 Bb7 12. Qa4 Qd7 13. b4 cxb4 14. axb4 Rfd8 15. b5 Nd4 16. Nxd4 Bxg2 17. Kxg2 Bxd4 18. Ne4 Qxb5 19. Qa2 Ne6 20. Rc4 Qd5 21. Kg1 b5 22. Rc2 Qxa2 23. Rxa2 Bb6 24. Rb1 Nd4 25. Kf1 f5 26. Ng5 h6 27. Nh3 Kg7 28. Bc3 e5 29. Bxd4 Bxd4 30. Rxb5 Rab8 31. Rxb8 Rxb8 32. e3 Bc5 33. Rc2 Rb5 34. Ke2 a5 35. Ng1 a4 36. Nf3 a3 37. Nd2 Kf6 38. Kd1 Ke6 39. Kc1 Kd5 40. Ra2 g5 41. Kc2 e4 42. d4 Bd6 43. Nb1 Ra5 44. Kb3 Rb5+ 0-1


[Site "https://www.chess.com"]

[Event "Titled Tuesday Blitz April 18 Early 2023"]
[White "Karthik Sai Ch"]
[Black "Mouhamad, Joachim"]
[WhiteFideId "46649484"]
[BlackFideId "656410"]
[WhiteElo "2003"]
[BlackElo "2125"]
[Result "0-1"]
[Round "05"]
[TimeControl "180+2"]
[Date "2023.04.18"]
[WhiteClock "0:00:06"]
[BlackClock "0:00:03"]

1. d4 d5 2. Nf3 e6 3. e3 Nf6 4. Bd3 b6 5. O-O Bb7 6. Nbd2 Bd6 7. Ne5 Nbd7 8. f4 c5 9. b3 cxd4 10. exd4 O-O 11. Bb2 Ne4 12. Qe2 Ndf6 13. Rf3 Rc8 14. Rh3 g6 15. Re1 Nxd2 16. Qxd2 Ne4 17. Qe2 f6 18. Ng4 Bxf4 19. Bxe4 dxe4 20. d5 e5 21. c4 b5 22. Qxe4 bxc4 23. Nh6+ Kg7 24. Nf5+ Kh8 25. g3 Bxd5 26. Qe2 Qb6+ 27. Kf1 cxb3 28. axb3 Qxb3 29. Kg1 Qb6+ 30. Nd4 exd4 31. gxf4 d3+ 32. Qf2 d2 33. Rd1 Rc2 34. Bd4 Qb4 35. Qh4 Qe7 36. Re3 Be4 37. Qf2 Re8 38. Rxd2 Rxd2 39. Qxd2 Kg8 40. Qa2+ Qe6 41. Qxe6+ Rxe6 42. Bxa7 f5 43. Bd4 Rd6 44. Be5 Rd1+ 45. Kf2 Rc1 46. Ra3 Rc2+ 47. Kg3 Kf7 48. Ra7+ Ke6 49. Rxh7 Rg2+ 50. Kh3 Rg4 51. Rh4 Bg2# 0-1


[Site "https://www.chess.com"]

[Event "Titled Tuesday Blitz April 18 Early 2023"]
[White "Zaichenko, Daria"]
[Black "Lorenzo De La Riva, Lazaro"]
[WhiteFideId "4197453"]
[BlackFideId "2268809"]
[WhiteElo "2039"]
[BlackElo "2294"]
[Result "0-1"]
[Round "05"]
[TimeControl "180+2"]
[Date "2023.04.18"]
[WhiteClock "0:00:36"]
[BlackClock "0:00:48"]

1. e4 d6 2. d4 Nf6 3. Nc3 e5 4. d5 g6 5. f4 exf4 6. Bxf4 Bg7 7. Nf3 O-O 8. Bd3 Nbd7 9. O-O Ng4 10. h3 Nge5 11. Nxe5 Nxe5 12. Rb1 a6 13. Ne2 c5 14. c4 b5 15. b3 b4 16. Ng3 Qh4 17. Be2 a5 18. Kh2 a4 19. Qd2 h6 20. Nh1 axb3 21. axb3 Ra3 22. Nf2 Bd7 23. Bg3 Qe7 24. Nd3 Nxd3 25. Bxd3 h5 26. Bf4 Be5 27. g3 Rfa8 28. Qf2 Ra2 29. Be2 Bd4 30. Qf3 f5 31. exf5 Rxe2+ 32. Kh1 Raa2 33. g4 hxg4 34. hxg4 Qh7+ 0-1


[Site "https://www.chess.com"]

[Event "Titled Tuesday Blitz April 18 Early 2023"]
[White "Mikhaylova, Irina"]
[Black "Shuvalov, Evgenij"]
[WhiteFideId "4109040"]
[BlackFideId "4187237"]
[WhiteElo "1975"]
[BlackElo "2080"]
[Result "1/2-1/2"]
[Round "05"]
[TimeControl "180+2"]
[Date "2023.04.18"]
[WhiteClock "0:00:32"]
[BlackClock "0:01:08"]

1. Nf3 Nf6 2. c4 c6 3. Nc3 d5 4. cxd5 cxd5 5. d4 Nc6 6. Bf4 Bf5 7. e3 e6 8. Qb3 Bb4 9. Bb5 O-O 10. Bxc6 Bxc3+ 11. bxc3 bxc6 12. O-O Qa5 13. Ne5 Rfc8 14. Qb4 Qd8 15. Qa4 Qe8 16. c4 Nd7 17. cxd5 Nxe5 18. Bxe5 cxd5 19. Qxe8+ Rxe8 20. Rfc1 Rec8 21. h3 f6 22. Bd6 Kf7 23. a3 Ke8 24. Bb4 Kd7 25. Kf1 Rc4 26. Ke1 Rac8 27. Rxc4 Rxc4 28. Bd2 Kc6 29. Rc1 Kb5 30. Rxc4 Kxc4 31. Bb4 Kd3 32. Bf8 g6 33. Bg7 e5 34. Bxf6 e4 35. Be7 Bd7 36. Kf1 a5 37. g4 h5 38. gxh5 Bxh3+ 39. Kg1 gxh5 40. Kh2 Bg4 41. Kg3 Bd1 42. Bd8 a4 43. Be7 Ke2 44. Bf6 Kf1 45. Bh4 Bb3 46. Bg5 Ke2 47. Bh4 Kd3 48. Be7 Bd1 49. Bf6 Bf3 50. Be7 Kc4 51. Bc5 Kb5 52. Kh4 Kc6 53. Kg3 Kd7 54. Kh4 Ke6 55. Bb6 Kf5 56. Kg3 Kg5 57. Bd8+ Kf5 58. Ba5 Bd1 59. Bb4 Bb3 60. Be7 Bc4 61. Bb4 Kg6 62. Kh4 Kh6 63. Bd6 Be2 64. Bb4 Kg7 65. Bd6 Kf7 66. Bb4 Ke6 67. Kg3 Kd7 68. Kh4 Kc6 69. Kg3 Kb5 70. Kh4 Kc4 71. Kg3 Kd3 72. Kh4 Bf3 73. Kg3 Ke2 74. Be7 Kf1 75. Bh4 Kg1 76. Bg5 Kf1 77. Bh4 Ke2 78. Bg5 Bg4 79. Bh4 Kd3 80. Bg5 Bf3 81. Be7 Kc3 82. Bd6 Kb2 83. Bc5 1/2-1/2


[Site "https://www.chess.com"]

[Event "Titled Tuesday Blitz April 18 Early 2023"]
[White "Itkis, Boris"]
[Black "Ciorgovean, Iustin"]
[WhiteFideId "1209167"]
[BlackFideId "1242911"]
[WhiteElo "2216"]
[BlackElo "2186"]
[Result "0-1"]
[Round "05"]
[TimeControl "180+2"]
[Date "2023.04.18"]
[WhiteClock "0:00:01"]
[BlackClock "0:00:01"]

1. c4 c6 2. Nf3 d5 3. b3 Nf6 4. g3 dxc4 5. bxc4 e5 6. Bb2 e4 7. Nd4 Bc5 8. e3 O-O 9. Bg2 Re8 10. O-O Nbd7 11. Qc2 Nf8 12. Nc3 Qe7 13. Rab1 h5 14. Ba1 h4 15. d3 exd3 16. Qxd3 N8h7 17. Nf5 Qe6 18. Nxh4 Ng5 19. Ne2 Nh3+ 20. Bxh3 Qxh3 21. Bxf6 gxf6 22. Nf4 Qg4 23. h3 Qg5 24. Kh2 Bb6 25. Qc3 Bc7 26. Nf3 Qh6 27. Ng1 Kg7 28. Rbd1 Rh8 29. h4 Bg4 30. Rd2 Rag8 31. Rb2 b6 32. a4 Kf8 33. a5 Bc8 34. axb6 axb6 35. Qa3+ c5 36. Qa8 Kg7 37. Qe4 Kf8 38. Qf3 Bg4 39. Qc6 Be5 40. Qa8+ Kg7 41. Qa2 Bxb2 42. Qxb2 Be6 43. Qxb6 Kf8 44. Qxc5+ Kg7 45. Qe7 Re8 46. Nxe6+ Kg6 47. Nf4+ Qxf4 48. Qxe8 Rxh4+ 49. Kg2 Qg5 50. Qe4+ Rxe4 51. Rd1 Rxc4 0-1


[Site "https://www.chess.com"]

[Event "Titled Tuesday Blitz April 18 Early 2023"]
[White "Prieto Aranguren, Alain"]
[Black "Baches Garcia, Guillermo"]
[WhiteFideId "2268906"]
[BlackFideId "2209764"]
[WhiteElo "2209"]
[BlackElo "2473"]
[Result "1/2-1/2"]
[Round "05"]
[TimeControl "180+2"]
[Date "2023.04.18"]
[WhiteClock "0:00:02"]
[BlackClock "0:00:04"]

1. d4 Nf6 2. c4 e6 3. Nc3 d5 4. cxd5 Nxd5 5. e4 Nxc3 6. bxc3 c5 7. Nf3 cxd4 8. cxd4 Bb4+ 9. Bd2 Bxd2+ 10. Qxd2 O-O 11. Bc4 Nd7 12. O-O b6 13. Rfe1 Bb7 14. Rad1 Rc8 15. Bb3 Re8 16. d5 exd5 17. exd5 Rxe1+ 18. Rxe1 Nc5 19. d6 Nxb3 20. axb3 Bxf3 21. d7 Bg4 22. dxc8=Q Qxc8 23. Re7 Be6 24. b4 a5 25. h3 a4 26. b5 a3 27. Qc3 Qa8 28. Qc6 Qxc6 29. bxc6 Kf8 30. Ra7 a2 31. c7 Ke8 32. Ra8+ Ke7 33. Rxa2 Kd7 34. Ra7 b5 35. Kf1 b4 36. Ke1 b3 37. Kd2 h5 38. Kc3 g6 39. f4 h4 40. Kb2 Kc8 41. Kc3 Kd7 42. Kb2 Kc8 43. Ra8+ Kxc7 44. Rh8 Kd6 45. Rxh4 Kc5 46. Rh8 Kd4 47. g4 Ke3 48. f5 gxf5 49. gxf5 Bxf5 50. h4 Kf4 51. Kxb3 Bg6 52. Kc3 Kg4 53. Kd4 Bh5 54. Ke5 Kxh4 55. Kf6 Kg4 56. Rg8+ Bg6 57. Rg7 Kf4 58. Rxg6 fxg6 59. Kxg6 1/2-1/2


[Site "https://www.chess.com"]

[Event "Titled Tuesday Blitz April 18 Early 2023"]
[White "ilya2700"]
[Black "Jovic, Stanoje"]
[BlackFideId "905020"]
[WhiteElo "2293"]
[BlackElo "2236"]
[Result "1-0"]
[Round "05"]
[TimeControl "180+2"]
[Date "2023.04.18"]
[WhiteClock "0:00:10"]
[BlackClock "0:00:01"]

1. d4 Nf6 2. c4 e6 3. Nf3 b6 4. g3 Ba6 5. b3 Bb4+ 6. Bd2 Be7 7. Bg2 d5 8. Bc3 c6 9. Ne5 Nfd7 10. Nxd7 Nxd7 11. Nd2 Bf6 12. O-O Rc8 13. e4 dxc4 14. bxc4 c5 15. e5 cxd4 16. exf6 dxc3 17. Ne4 Nxf6 18. Qa4+ Qd7 19. Nxf6+ gxf6 20. Qxa6 O-O 21. Rac1 Qd4 22. Qxa7 Rxc4 23. Rfd1 Qc5 24. Bf1 c2 25. Rd2 Rc3 26. Qa4 Rc8 27. Bd3 b5 28. Qg4+ Kf8 29. Rdxc2 b4 30. a3 h5 31. Qxb4 Qxb4 32. axb4 Rxc2 33. Rxc2 Rd8 34. Bf1 Rb8 35. b5 Ke7 36. Rc6 Kd7 37. Ra6 e5 38. b6 Kc6 39. Bg2+ Kb5 40. Bf1+ Kc6 41. b7+ Kxb7 42. Rxf6 Rf8 43. Rf5 f6 44. Rxh5 Kc7 45. h4 Kd6 46. Rh7 f5 47. Rh6+ Kd5 48. Ra6 f4 49. Bg2+ f3 50. Bf1 e4 51. Ra3 Kd4 52. Kh2 Rb8 53. Ra4+ Ke5 54. Ra5+ Kd4 55. Ra7 Rb2 56. Kg1 e3 57. Rd7+ 1-0


[Site "https://www.chess.com"]

[Event "Titled Tuesday Blitz April 18 Early 2023"]
[White "mrithyunjay"]
[Black "Ramirez Vido, Robert Yorisan"]
[BlackFideId "3513823"]
[WhiteElo "2223"]
[BlackElo "2451"]
[Result "1-0"]
[Round "05"]
[TimeControl "180+2"]
[Date "2023.04.18"]
[WhiteClock "0:00:53"]
[BlackClock "0:00:11"]

1. e4 d6 2. d4 Nf6 3. Nc3 g6 4. Be3 c6 5. f3 b5 6. Qd2 Nbd7 7. g4 Nb6 8. a3 Qc7 9. h4 h5 10. g5 Nfd7 11. d5 a6 12. O-O-O Bg7 13. Bd4 O-O 14. Bxg7 Kxg7 15. f4 c5 16. f5 Ne5 17. Be2 b4 18. Nb1 a5 19. Nf3 Nec4 20. Qf4 bxa3 21. Nxa3 Nxa3 22. bxa3 Na4 23. e5 Nc3 24. f6+ exf6 25. gxf6+ Kh7 26. Ng5+ Kg8 27. Bxh5 gxh5 28. Qf3 Na2+ 29. Kd2 Bg4 30. Qd3 1-0


[Site "https://www.chess.com"]

[Event "Titled Tuesday Blitz April 18 Early 2023"]
[White "dDobravcan"]
[Black "Manukian, Artak"]
[BlackFideId "13301373"]
[WhiteElo "2174"]
[BlackElo "2130"]
[Result "0-1"]
[Round "05"]
[TimeControl "180+2"]
[Date "2023.04.18"]
[WhiteClock "0:00:01"]
[BlackClock "0:01:11"]

1. e4 c6 2. d4 d5 3. f3 e6 4. Nc3 Nf6 5. a3 Be7 6. Be3 b5 7. e5 Nfd7 8. Bd3 a5 9. Nge2 Ba6 10. O-O b4 11. axb4 axb4 12. Na4 Bxd3 13. Qxd3 O-O 14. f4 g6 15. g4 f5 16. gxf5 gxf5 17. Kh1 Kh8 18. Rg1 Nb6 19. Nc5 Rxa1 20. Rxa1 Bxc5 21. dxc5 Nc4 22. Nd4 Qe7 23. Bc1 Rg8 24. Ra8 Nd7 25. Rxg8+ Kxg8 26. Nxf5 exf5 27. Qxf5 Nxc5 28. b3 Na3 29. Be3 Ne6 0-1


[Site "https://www.chess.com"]

[Event "Titled Tuesday Blitz April 18 Early 2023"]
[White "hsd2016"]
[Black "Garakov, Mikhael"]
[BlackFideId "4169034"]
[WhiteElo "2173"]
[BlackElo "2347"]
[Result "1-0"]
[Round "05"]
[TimeControl "180+2"]
[Date "2023.04.18"]
[WhiteClock "0:00:52"]
[BlackClock "0:00:04"]

1. e4 c5 2. Nf3 e6 3. d4 cxd4 4. Nxd4 Nc6 5. Nc3 Qc7 6. Be3 a6 7. f3 b5 8. a3 Bb7 9. Qd2 Rc8 10. Be2 Nf6 11. O-O Bd6 12. g3 Bxg3 13. hxg3 Qxg3+ 14. Kh1 g5 15. Rf2 g4 16. Rg1 Qe5 17. Nxc6 Bxc6 18. Bd4 Qh5+ 19. Rh2 Qg6 20. Qf4 Ke7 21. Rh6 Nh5 22. Qe3 f6 23. fxg4 e5 24. Rxg6 exd4 25. Qxd4 hxg6 26. gxh5 Rxh5+ 27. Kg2 Rch8 28. Kf1 Rh4 29. Ke1 Rf4 30. Rf1 Rxf1+ 31. Bxf1 Rh5 32. Be2 Re5 33. Qb6 f5 34. Qd4 d6 35. exf5 gxf5 36. Kf2 Ke6 37. Bf3 d5 38. Qb6 Kd6 39. Bxd5 Rxd5 40. Nxd5 Kxd5 41. Qxa6 1-0


[Site "https://www.chess.com"]

[Event "Titled Tuesday Blitz April 18 Early 2023"]
[White "Torres Dominguez, David"]
[Black "littlepillow2010"]
[WhiteFideId "2220857"]
[WhiteElo "1999"]
[BlackElo "2422"]
[Result "0-1"]
[Round "05"]
[TimeControl "180+2"]
[Date "2023.04.18"]
[WhiteClock "0:00:27"]
[BlackClock "0:00:07"]

1. e4 c5 2. Nc3 a6 3. Nf3 b5 4. d4 cxd4 5. Nxd4 Bb7 6. Bd3 d6 7. O-O Nf6 8. Qe2 Nbd7 9. f4 Qc7 10. a3 e5 11. Nf5 g6 12. Ng3 Bg7 13. f5 h6 14. fxg6 fxg6 15. Be3 O-O 16. a4 b4 17. Bc4+ Kh7 18. Nb1 Nxe4 19. Nxe4 Bxe4 20. Nd2 Bb7 21. Qd3 Nc5 22. Bxc5 Qxc5+ 23. Kh1 d5 24. Bb3 e4 25. Qh3 d4 26. Rae1 Rxf1+ 27. Nxf1 Rf8 28. Ng3 d3 29. cxd3 exd3 30. Qd7 Bxg2+ 31. Kxg2 Qf2+ 32. Kh3 Qxe1 33. Qxd3 Rf4 34. Bc2 Qe6+ 35. Kg2 Rd4 36. Qe2 Qxe2+ 37. Nxe2 Rd2 38. Bxg6+ Kxg6 39. Kf3 Rxb2 40. Nf4+ Kf5 41. Nd3 Rb3 42. Ke2 Rxd3 43. Kxd3 b3 0-1


[Site "https://www.chess.com"]

[Event "Titled Tuesday Blitz April 18 Early 2023"]
[White "brm72"]
[Black "Jaivardhan Raj"]
[BlackFideId "25744437"]
[WhiteElo "2647"]
[BlackElo "1772"]
[Result "1-0"]
[Round "05"]
[TimeControl "180+2"]
[Date "2023.04.18"]
[WhiteClock "0:00:22"]
[BlackClock "0:00:11"]

1. e4 c5 2. Nf3 e6 3. d4 cxd4 4. Nxd4 Nc6 5. Nc3 a6 6. Nxc6 bxc6 7. Bd3 d5 8. O-O Nf6 9. Re1 Bc5 10. e5 Nd7 11. Qg4 g6 12. Na4 Be7 13. Bh6 Rb8 14. c4 Rb4 15. b3 Nc5 16. Nxc5 Bxc5 17. Rad1 f5 18. exf6 Qxf6 19. Qg3 Rb7 20. cxd5 Rf7 21. Re2 cxd5 22. Bg5 Qg7 23. Be3 d4 24. Bf4 O-O 25. Be5 Qh6 26. Rc2 Be7 27. Bxd4 Bh4 28. Qe5 Bf6 29. Qe3 Bxd4 30. Qxh6 Rxf2 31. Rxf2 Rxf2 32. Kh1 Bb7 33. Qg5 Kg7 34. Qe7+ Rf7 35. Qxf7+ Kxf7 36. Bxg6+ hxg6 37. Rxd4 Bc6 38. Kg1 Bd5 39. Kf2 Ke7 40. g3 Kd6 41. Ke3 Ke5 42. Rb4 a5 43. Rb6 a4 44. bxa4 Bxa2 45. a5 Bd5 46. a6 Kf5 47. a7 e5 48. Rb8 g5 49. a8=Q Bxa8 50. Rxa8 Kg4 51. Ke4 Kh3 52. Rh8+ Kg2 53. Kxe5 g4 54. Kf4 Kh1 55. Kxg4 Kg2 56. h4 Kh1 57. h5 Kg2 58. h6 Kh1 59. h7 Kg2 60. Rf8 Kh1 61. h8=Q+ Kg2 62. Qh3+ Kg1 63. Rf1# 1-0


[Site "https://www.chess.com"]

[Event "Titled Tuesday Blitz April 18 Early 2023"]
[White "Iskusnyh, Sergei"]
[Black "Szente Varga, Fruzsina"]
[WhiteFideId "4120027"]
[BlackFideId "712264"]
[WhiteElo "2492"]
[BlackElo "1994"]
[Result "1-0"]
[Round "05"]
[TimeControl "180+2"]
[Date "2023.04.18"]
[WhiteClock "0:00:16"]
[BlackClock "0:00:02"]

1. d4 Nf6 2. c4 g6 3. g3 Bg7 4. Bg2 c6 5. e3 d5 6. Ne2 O-O 7. O-O dxc4 8. Na3 Be6 9. Qc2 Qd7 10. Nf4 Na6 11. Nxe6 Qxe6 12. Qxc4 Qd7 13. Qb3 Rfe8 14. Nc4 Nd5 15. Rd1 Nac7 16. e4 Nb6 17. Nxb6 axb6 18. Be3 Nb5 19. d5 c5 20. Bf1 Nd4 21. Bxd4 Bxd4 22. Bb5 Qh3 23. Bxe8 Rxe8 24. Rd2 e6 25. d6 e5 26. Qxb6 Qd7 27. Rad1 Rd8 28. b4 cxb4 29. Rxd4 exd4 30. Qxd4 Qa4 31. Qd5 Rd7 32. e5 Qc6 33. h4 Kf8 34. Qd4 1-0


[Site "https://www.chess.com"]